AoeStats
← Stahlzie

Arabia

510310822Analyzed
1v1 RM · 21h ago on Sep 30, 2026· 41m 52s· 2 players
Game mode
Random Map
Map size
Tiny (2 player)
Population
200
Speed
Normal
Resources
Standard
Victory
Conquest
Starting age
Dark Age
Ending age
Imperial Age
RankedLock teamsTeams togetherTeam positionsShared explorationLock speedFull tech treeHidden civsTurbo modeCheats
Victory
Defeat
🇺🇸 Hindustanis · United States
1234
+15
🇩🇪 Teutons · Germany
1212
-15
IsBaconReal
11:52 Feudal Age
11:59 Loom
16:21 Castle Age
22:43 Horse Collar
24:18 Pikeman
24:59 Squires
25:44 Double-Bit Axe
26:38 Wheelbarrow
29:11 Gold Mining
29:49 Town Watch
31:51 Hand Cart
33:35 Fletching
35:01 Scale Mail Armor
35:55 Scale Barding Armor
37:24 Chain Barding Armor
38:19 Forging
39:22 Bloodlines
42:35 Imperial Age
42:13 Bow Saw
Stahlzie
8:55 Feudal Age
7:10 Loom
12:37 Fletching
15:25 Double-Bit Axe
17:52 Horse Collar
20:51 Castle Age
23:36 Husbandry
23:46 Bloodlines
29:58 Imperial Age
27:37 Elite Skirmisher
29:00 Gold Mining
29:00 Stone Mining
31:45 Chemistry
38:50 Wheelbarrow
38:00 Town Watch
38:49 Heavy Camel Rider
40:58 Hand Cart
40:44 Town Patrol
Connection lost

Rejoining the realm…

Still unreachable

The connection could not be restored.

Session expired

The server has moved on; the page needs a fresh start.